 Dungeon Crawl Stone Soup version 0.31.0-9-g3a7656b989 (webtiles) character file.

Game seed: 2281361855800379991

68 qw the Shooter (level 4, -1/25 HPs)
             Began as a Deep Elf Hunter on Feb 2, 2024.
             Succumbed to an adder's poison
             ... on level 2 of the Dungeon.
             The game lasted 00:00:02 (769 turns).

qw the Shooter (Deep Elf Hunter)                     Turns: 769, Time: 00:00:03

Health: -1/25      AC:  6    Str: 10    XL:     4   Next: 1%
Magic:  6/6        EV: 11    Int: 14    God:
Gold:   83         SH:  0    Dex: 18    Spells: 3/3 levels left

rFire   . . .        a - +0 shortbow (drain)
rCold   . . .        (shield currently unavailable)
rNeg    . . .        f - +1 ring mail
rPois   .            (no helmet)
rElec   .            (no cloak)
rCorr   .            (no gloves)
SInv    .            (no boots)
Will    .....        (no amulet)
Stlth   +            (no ring)
HPRegen 0.24/turn    (no ring)
MPRegen 0.10/turn

%: no passive effects
@: lethally poisoned (-1 -> -6)
A: no striking features
a: no special abilities


You were on level 2 of the Dungeon.
You visited 1 branch of the dungeon, and saw 2 of its levels.

You collected 83 gold pieces.


   Skills:
 - Level 1.5 Fighting
 + Level 7.4 Ranged Weapons
 - Level 2.4 Dodging
 - Level 1.2 Stealth


You had 3 spell levels left.
You didn't know any spells.
Your spell library was empty.

Inventory:

Hand Weapons
 a - a +0 shortbow of draining (weapon)
Armour
 f - a +1 ring mail (worn)
Potions
 h - a potion of mutation

Dungeon Overview and Level Annotations

Branches:
Dungeon (2/15)

Altars:


Message History

The hound is severely wounded.
The hound bites you. The adder barely misses you.
The hound bites you but does no damage. The adder misses you.
You shoot an arrow. The arrow hits the hound.
The hound is almost dead.
The hound bites you. The adder bites you but does no damage.
The hound bites you.
You shoot an arrow. The arrow closely misses the hound.
The hound bites you. The adder closely misses you. The hound barely misses you.
The adder bites you.
You are poisoned.
The adder poisons you!
You shoot an arrow. The arrow hits the hound.
You kill the hound!
You feel sick. The adder bites you but does no damage.
The ball python bites you. The ball python closely misses you.
Your Ranged Weapons skill increases to level 7!
You have reached level 4!
You feel clever.
You shoot an arrow. The arrow barely misses the adder.
You feel sick. The adder misses you.
The ball python bites you but does no damage.
The ball python grabs you. The ball python constricts you. The adder bites you.
You shoot an arrow. The arrow hits the ball python.
The ball python is moderately wounded.
You feel sick.
You are no longer poisoned.
The adder bites you.
You are lethally poisoned!
The adder poisons you!
The ball python bites you but does no damage.
The ball python constricts you. The adder bites you but does no damage.
The ball python bites you but does no damage.
The ball python constricts you.
You shoot an arrow.
The arrow barely misses the ball python.
You feel sick. The adder bites you but does no damage.
The ball python barely misses you. The ball python constricts you.
You shoot an arrow. The arrow hits the ball python.
You kill the ball python!
You die...

#### .. .. #
####. .. # ....
.# # ... ##.# . #
.. #...#. #
.#####. #.##.# #
......%##.##.####
# #S@...........#
# ####.##.#####.#
# #.##.#####.# #
#.......##.#####
####.......##.##
#.##.##.#...#
#............
#.##........#
#.#####)##.##


You could see an adder.

Vanquished Creatures
  A hound (D:2)
  An adder (D:2)
  An endoplasm (D:1)
  A giant cockroach (D:1)
  3 hobgoblins (D:1)
  A quokka (D:1)
  3 ball pythons
  14 frilled lizards (D:1)
  5 goblins
  2 rats (D:1)
32 creatures vanquished.

Notes
Turn   | Place    | Note
-------+----------+-------------------------------------------
     0 | D:1      | qw the Deep Elf Hunter began the quest for the Orb.
     0 | D:1      | Reached XP level 1. HP: 12/12 MP: 3/3
     0 | D:1      | 0 ||| qw: Version: 0.3-a-155-g5e7d8dd
     0 | D:1      | 0 ||| qw: Game counter: 1187
     0 | D:1      | 0 ||| qw: Melee chars always use a shield: true
     0 | D:1      | 0 ||| qw: God list: Okawaru
     0 | D:1      | 0 ||| qw: Allow faded altars: false
     0 | D:1      | 0 ||| qw: Do Orc after clearing Dungeon:15 true
     0 | D:1      | 0 ||| qw: Do second Lair branch before Depths: true
     0 | D:1      | 0 ||| qw: Lair rune preference: random
     0 | D:1      | 0 ||| qw: Goals: Normal
     0 | D:1      | 0 ||| PLANNING D:1-11
    98 | D:1      | Reached XP level 2. HP: 15/16 MP: 4/4
   100 | D:1      | Reached skill level 6 in Ranged Weapons
   609 | D:1      | 609 ||| UPGRADING to +0 ring mail.
   619 | D:1      | 619 ||| DROPPING +0 leather armour.
   620 | D:1      | 620 ||| READING 2 scrolls labelled RIYMAI CEODAVO.
   620 | D:1      | 620 ||| IDENTIFYING smoky puce potion
   621 | D:1      | 621 ||| READING scroll of identify.
   621 | D:1      | 621 ||| IDENTIFYING scroll labelled XEIMMAS DAUC
   622 | D:1      | 622 ||| READING scroll of enchant armour.
   622 | D:1      | 622 ||| ENCHANTING +0 ring mail.
   623 | D:1      | 623 ||| READING scroll labelled SOC ISHOSELEUH.
   623 | D:1      | 623 ||| BRANDING +0 shortbow.
   624 | D:1      | 624 ||| DROPPING scroll of butterflies.
   690 | D:2      | Reached XP level 3. HP: 20/20 MP: 5/5
   766 | D:2      | Reached skill level 7 in Ranged Weapons
   766 | D:2      | Reached XP level 4. HP: 9/25 MP: 6/6
   766 | D:2      | HP: 6/25 [adder (2)]
   768 | D:2      | HP: 2/25 [poisoned by an adder]
   769 | D:2      | Succumbed to an adder's poison

Levels and vault maps discovered:
D:1:      eino_arrival_druids_welcome, layout_loops_ring, minmay_lizard_pond
D:2:      layout_loops_cross, dreamdust_ecumenical_altar_hidden_monk_grotto,
          uniq_crazy_yiuf_cottage

Skill      XL: |  1  2  3 |
---------------+----------+-----
Ranged Weapons | 6 7 |  7.4
Fighting       | |  1.5
Dodging        | |  2.4
Stealth        | |  1.2

Action                     |  1- 3 |  4- 6 || total
---------------------------+-------+-------++-------
   Fire: Shortbow          |    79 |     4 ||    83
    Use: Scroll            |     4 |       ||     4
 Armour: Leather armour    |     7 |       ||     7
         Ring mail         |    16 |     7 ||    23
  Dodge: Dodged            |    25 |     2 ||    27

Table legend:
 A = Non-vault XP
 B = Vault XP
 C = Vault XP percentage of total XP
 D = Non-vault monster count
 E = Vault monster count
 F = Vault count percentage of total count
                 A         B        C        D         E       F
            +---------+---------+-------+---------+---------+-------
      Total |      88 |      11 |  11.1 |      21 |      11 |  34.4
            +---------+---------+-------+---------+---------+-------
        D:1 |      25 |      11 |  30.6 |      17 |      11 |  39.3
        D:2 |      63 |       0 |   0.0 |       4 |       0 |   0.0
            +---------+---------+-------+---------+---------+-------
